 Dungeon Crawl Stone Soup version 0.31-a0-1-g4198be8af4 (webtiles) character file.

Game seed: 10837805117975381109

182 Rrauwl the Skirmisher (level 5, -2/64 HPs)
             Began as a Gnoll Hunter on May 3, 2023.
             Slain by a gnoll
             ... wielding a +0 club
              (4 damage)
             ... on level 3 of the Dungeon.
             The game lasted 00:05:11 (1957 turns).

Rrauwl the Skirmisher (Gnoll Hunter)                Turns: 1957, Time: 00:05:11

Health: -2/64      AC: 26    Str: 11    XL:     5   Next: 62%
Magic:  7/7        EV:  2    Int:  8    God:
Gold:   207        SH:  0    Dex: 17    Spells: 7/7 levels left

rFire   . . .        a - +0 shortbow
rCold   + . .        (shield currently unavailable)
rNeg    . . .        c - melded +1 leather armour
rPois   +            (helmet currently unavailable)
rElec   .            m - melded +1 cloak
rCorr   .            (gloves currently unavailable)
SInv    .            (boots currently unavailable)
Will    .....        (no amulet)
Stlth   ++           e - +4 ring of protection
HPRegen 0.30/turn    f - ring of protection from cold
MPRegen 0.10/turn

%: no passive effects
@: mighty, tree-form, invisible
A: stationary, stasis, torment immunity, boosted hp, (fangs 1), strong nose,
distributed training
a: no special abilities


You were on level 3 of the Dungeon.
You were a tree.
You visited 1 branch of the dungeon, and saw 3 of its levels.

You collected 207 gold pieces.

Inventory:

Hand Weapons
 a - a +0 shortbow (weapon)
Armour
 c - a +1 leather armour (melded)
 m - a +1 cloak (melded)
Jewellery
 e - a +4 ring of protection (left branch)
 f - a ring of protection from cold (right branch)
Wands
 o - a wand of paralysis (10)
Scrolls
 b - a scroll of immolation
 d - a scroll of enchant armour
 k - a scroll of vulnerability {unknown}
 l - 2 scrolls of identify
 n - 2 scrolls of fog


   Skills:
 + Level 4.8 Fighting
 + Level 1.6 Short Blades
 + Level 1.6 Long Blades
 + Level 1.6 Axes
 + Level 1.6 Maces & Flails
 + Level 1.6 Polearms
 + Level 1.6 Staves
 + Level 8.7 Ranged Weapons
 + Level 1.6 Throwing
 + Level 1.6 Armour
 + Level 4.8 Dodging
 + Level 2.8 Stealth
 + Level 1.6 Shields
 + Level 1.6 Unarmed Combat
 + Level 1.6 Spellcasting
 + Level 1.3 Conjurations
 + Level 1.3 Hexes
 + Level 1.3 Summonings
 + Level 1.3 Necromancy
 + Level 1.3 Translocations
 + Level 1.3 Transmutations
 + Level 1.3 Fire Magic
 + Level 1.3 Ice Magic
 + Level 1.3 Air Magic
 + Level 1.3 Earth Magic
 + Level 1.3 Poison Magic
 + Level 1.8 Invocations
 + Level 1.6 Evocations


You had 7 spell levels left.
You didn't know any spells.
Your spell library contained the following spells:

 Spells                   Type           Power      Damage    Failure   Level
 Sting                    Tmut/Pois      8%         1d3       22%         1
 Poisonous Vapours        Pois/Air       4%         N/A       32%         2
 Olgreb's Toxic Radiance  Pois           2%         N/A       91%         4


Dungeon Overview and Level Annotations

Branches:
Dungeon (3/15)

Altars:
Cheibriados


Innate Abilities, Weirdness & Mutations

You are a tree.
Your roots penetrate the ground, keeping you stationary.
You cannot be teleported.
You are immune to unholy pain and torment.
Your maximum health is greatly increased.
Your equipment is partially melded.
((You have very sharp teeth.))
Your uncanny sense of smell can sniff out nearby items.
Your experience applies equally to all skills.


Message History

The orc wizard hits you but does no damage.
You shoot an arrow. The arrow barely misses the gnoll.
The gnoll hits you with a +0 club.
* * * LOW HITPOINT WARNING * * *
The gnoll hits you but does no damage.
The gnoll hits the bush but does no damage.
The orc barely misses you. The orc hits you with a +0 short sword.
* * * LOW HITPOINT WARNING * * *
The orc wizard hits you but does no damage.
Unknown command.
You shoot an arrow. The arrow hits the gnoll.
You kill the gnoll!
The gnoll hits the bush but does no damage.
The orc hits you but does no damage. x2
The orc wizard hits you but does no damage.
The gnoll hits you but does no damage. The orc hits you but does no damage.
The gnoll hits you with a +0 club.
* * * LOW HITPOINT WARNING * * *
The orc wizard gestures at you while chanting.
The magic dart hits you but does no damage.
The orc hits you but does no damage.
Unknown command.
As you read the scroll labelled MEMMAO DENIFEKK, it crumbles to dust.
It is a scroll of enchant armour.
Your +0 leather armour glows green for a moment.
The gnoll hits you but does no damage. The orc hits you but does no damage.
The orc wizard barely misses you.
You shoot an arrow. The arrow misses the orc wizard.
The gnoll hits you but does no damage. The orc hits you but does no damage.
The gnoll hits you but does no damage.
The orc wizard hits you but does no damage.
You shoot an arrow. The arrow hits the orc wizard!
You kill the orc wizard!
The gnoll hits you but does no damage. x3; The orc hits you but does no damage.
You aren't carrying any potions.
As you read the scroll labelled IKUSO IPIRYDWORR, it crumbles to dust.
It is a scroll of identify.
n - 2 scrolls of fog The gnoll hits you with a +0 club.
You die...

#.#)# ##...####. #.#.# ##..# ♣
#.#.## #..###♣♣P #....#
#....♣♣.. #♣♣ #....# ##.#...♣♣
. ##.. ###....#### #.##♣.♣
..##...#####
#..o......###.##♣♣P♣ ♣....#.
...# #.gPo............♣PP
.......###.###.g♣)PP.##.##.#.#♣
♣..............Pg♣PPP##....#.#
#<.....†P♣♣♣♣P.##.#### #
#####..P.P♣♣♣P.##.#
##.....♣♣♣.##.# ###..PP♣.....#
##..P.# #### ######


You could see 3 gnolls and 2 orcs.

Vanquished Creatures
  2 orc wizards (D:3)
  4 gnolls
  5 adders (D:2)
  3 dart slugs
  3 orcs (D:3)
  6 bats
  7 endoplasms
  3 giant cockroaches
  5 goblins (D:1)
  A hobgoblin (D:1)
  8 jackals (D:2)
  3 quokkas
  3 ball pythons
  4 frilled lizards
  5 kobolds
  2 rats (D:1)
64 creatures vanquished.

Vanquished Creatures (others)
  2 plants (D:3)
2 creatures vanquished.

Grand Total: 66 creatures vanquished

Notes
Turn   | Place    | Note
-------+----------+-------------------------------------------
     0 | D:1      | Rrauwl the Gnoll Hunter began the quest for the Orb.
     0 | D:1      | Reached XP level 1. HP: 20/20 MP: 1/1
   144 | D:1      | Reached XP level 2. HP: 26/26 MP: 2/2
   490 | D:1      | Reached XP level 3. HP: 31/31 MP: 3/3
   846 | D:2      | Reached skill level 1 in Invocations
  1017 | D:2      | Reached skill level 1 in Short Blades
  1017 | D:2      | Reached skill level 1 in Long Blades
  1017 | D:2      | Reached skill level 1 in Axes
  1017 | D:2      | Reached skill level 1 in Maces & Flails
  1017 | D:2      | Reached skill level 1 in Polearms
  1017 | D:2      | Reached skill level 1 in Staves
  1017 | D:2      | Reached skill level 1 in Throwing
  1017 | D:2      | Reached skill level 1 in Armour
  1017 | D:2      | Reached skill level 1 in Shields
  1017 | D:2      | Reached skill level 1 in Unarmed Combat
  1017 | D:2      | Reached skill level 1 in Spellcasting
  1017 | D:2      | Reached skill level 1 in Evocations
  1042 | D:2      | Reached XP level 4. HP: 24/38 MP: 5/5
  1227 | D:2      | Reached skill level 1 in Conjurations
  1227 | D:2      | Reached skill level 1 in Hexes
  1227 | D:2      | Reached skill level 1 in Summonings
  1227 | D:2      | Reached skill level 1 in Necromancy
  1227 | D:2      | Reached skill level 1 in Translocations
  1227 | D:2      | Reached skill level 1 in Transmutations
  1227 | D:2      | Reached skill level 1 in Fire Magic
  1227 | D:2      | Reached skill level 1 in Ice Magic
  1227 | D:2      | Reached skill level 1 in Air Magic
  1227 | D:2      | Reached skill level 1 in Earth Magic
  1227 | D:2      | Reached skill level 1 in Poison Magic
  1521 | D:2      | Reached XP level 5. HP: 43/43 MP: 7/7
  1846 | D:3      | Found a snail-covered altar of Cheibriados.
  1953 | D:3      | HP: 1/64 [gnoll/+0 club (4)]
  1957 | D:3      | Slain by a gnoll

Illustrated notes

Levels and vault maps discovered:
D:1:      dpeg_arrival_snail, layout_basic
D:2:      layout_basic, corexii_hall_statues_l
D:3:      layout_loops_ring, lemuel_coloured_pillars_altar,
          amcnicky_altar_gilded, okawaru_trees_2, brannock_xom_greatest_gift,
          nicolae_dithmenos_the_darkroom, serial_forest,
          infiniplex_forest_end_2, infiniplex_forest_corner_2,
          infiniplex_forest_clump_medium, infiniplex_forest_lined_3_way,
          infiniplex_forest_zigzag_1, infiniplex_forest_end_1,
          infiniplex_forest_3_way, infiniplex_forest_zigzag_2,
          serial_bayou_lagoon_a

Skill      XL: |  1  2  3  4 |
---------------+-------------+-----
Invocations    | 1 |  1.8
Short Blades   | 1 |  1.6
Long Blades    | 1 |  1.6
Axes           | 1 |  1.6
Maces & Flails | 1 |  1.6
Polearms       | 1 |  1.6
Staves         | 1 |  1.6
Throwing       | 1 |  1.6
Armour         | 1 |  1.6
Shields        | 1 |  1.6
Unarmed Combat | 1 |  1.6
Spellcasting   | 1 |  1.6
Evocations     | 1 |  1.6
Conjurations   | 1 |  1.3
Hexes          | 1 |  1.3
Summonings     | 1 |  1.3
Necromancy     | 1 |  1.3
Translocations | 1 |  1.3
Transmutations | 1 |  1.3
Fire Magic     | 1 |  1.3
Ice Magic      | 1 |  1.3
Air Magic      | 1 |  1.3
Earth Magic    | 1 |  1.3
Poison Magic   | 1 |  1.3
Fighting       | |  4.8
Ranged Weapons | |  8.7
Dodging        | |  4.8
Stealth        | |  2.8

Action                     |  1- 3 |  4- 6 || total
---------------------------+-------+-------++-------
  Melee: Shortbow          |       |     8 ||     8
         Bite              |       |     1 ||     1
   Fire: Shortbow          |    93 |    95 ||   188
    Use: Potion            |       |     4 ||     4
         Scroll            |       |     2 ||     2
 Armour: Leather armour    |    18 |    37 ||    55
         Skin              |       |    27 ||    27
  Dodge: Dodged            |    29 |    46 ||    75

Table legend: (Time is in decaauts)
 A = Elapsed time spent in this place.
 B = Non-inter-level travel time spent in this place.
 C = Inter-level travel time spent in this place.
 D = Time resting spent in this place.
 E = Time spent auto-exploring this place.
 F = Levels seen in this place.
 G = Mean time per level.
                   A        B        C        D        E       F      G
               +--------+--------+--------+--------+--------+-----+--------+
         Total |   1981 |   1969 |     12 |      0 |   1550 |   3 |  660.3 |
       Dungeon |   1981 |   1969 |     12 |      0 |   1550 |   3 |  660.3 |
               +--------+--------+--------+--------+--------+-----+--------+

Top non-repeatable levels by time:
     D:2: 950 daAuts
     D:1: 842 daAuts
     D:3: 188 daAuts
